 Dungeon Crawl Stone Soup version 0.27.1-33-g824d729ab1 (webtiles) character file.

Game seed: 14253063063749004460

101 Cykl0x the Skirmisher (level 4, 0/29 HPs)
             Began as a Gargoyle Fighter on Nov 25, 2021.
             Slain by an orc wizard (3 damage)
             ... on level 2 of the Dungeon.
             The game lasted 00:02:56 (2884 turns).

Cykl0x the Skirmisher (Gargoyle Fighter)            Turns: 2884, Time: 00:02:56

Health: 0/29       AC: 10    Str: 21    XL:     4   Next: 75%
Magic:  4/4        EV:  7    Int:  8    God:
Gold:   88         SH:  0    Dex:  9    Spells: 3/3 levels left

rFire    . . .     SeeInvis .   a - +0 long sword (elec)
rCold    . . .     Faith    .   c - +0 kite shield
rNeg     + . .     Spirit   .   b - +0 scale mail
rPois    ∞         Reflect  .   (no helmet)
rElec    +         Harm     .   (no cloak)
rCorr    .         Rampage  .   (no gloves)
Will     .....                  (no boots)
Stlth    ..........             (no amulet)
HPRegen  0.09/turn              (no ring)
MPRegen  0.09/turn              (no ring)

@: confused
A: sickness immunity, AC +3, negative energy resistance 1, electricity
resistance, torment resistance 1, petrification resistance
a: no special abilities


You were on level 2 of the Dungeon.
You visited 1 branch of the dungeon, and saw 3 of its levels.

You collected 88 gold pieces.

Inventory:

Hand Weapons
 a - a +0 long sword of electrocution (weapon)
Missiles
 g - 59 stones (quivered)
Armour
 b - a +0 scale mail (worn)
 c - a +0 kite shield (worn)
Jewellery
 e - a ring of ice
 f - a +4 ring of protection
Potions
 d - a potion of might


   Skills:
 * Level 3.9 Fighting
 + Level 2.4 Long Blades
 * Level 1.3 Throwing
 + Level 3.7 Armour
 * Level 1.1 Dodging
 + Level 3.6 Shields


You had 3 spell levels left.
You didn't know any spells.
Your spell library contained the following spells:

 Spells                   Type           Power      Damage    Failure   Level
 Apportation              Tloc           0%         N/A       99%         1
 Shock                    Conj/Air       0%         1d3       99%         1
 Ozocubu's Armour         Ice            0%         N/A       100%        3
 Swiftness                Air            0%         N/A       100%        3
 Airstrike                Air            0%         N/A       100%        4
 Metabolic Englaciation   Hex/Ice        0%         N/A       100%        5
 Simulacrum               Ice/Necr       0%         N/A       100%        6


Dungeon Overview and Level Annotations

Branches:
Dungeon (3/15)

Altars:
Cheibriados

Shops:
D:1 (


Innate Abilities, Weirdness & Mutations

You are immune to sickness and miasma.
Your stone body is resilient. (AC +3)
You are immune to poison.
You resist negative energy. (rN+)
You are resistant to electric shocks. (rElec)
You are resistant to unholy torment.
You are immune to petrification.


Message History

You resist with some effort. Something hits you but does no damage.
You bump into the rock wall.
Something hits you but does no damage.
The orc wizard hits you but does no damage.
Something hits you but does no damage.
Unknown command.
You closely miss something.
You hear some strange, mumbled words.
A magic dart appears from out of thin air!
The magic dart hits you.
The orc wizard hits you but does no damage.
You hear some strange, mumbled words.
Something tries to affect you, but you resist.
Something hits you but does no damage.
You closely miss something.
The orc wizard hits you but does no damage.
You hear some strange, mumbled words.
Something tries to affect you, but you resist.
Something hits you.
The orc wizard points at you and mumbles some strange words.
The puff of flame hits you but does no damage.
Something hits you.
You're too confused to move!
Something hits you.
The orc wizard points at you and mumbles some strange words.
You resist with some effort. Something hits you but does no damage.
You closely miss something.
You hear some strange, mumbled words.
You are more confused.
The orc wizard hits you but does no damage.
Something hits you.
* * * LOW HITPOINT WARNING * * *
Something hits you.
* * * LOW HITPOINT WARNING * * *
You miss something.
The orc wizard mumbles some strange words.
The orc wizard flickers and vanishes!
Something hits you.
* * * LOW HITPOINT WARNING * * *
You hear some strange, mumbled words.
Something tries to affect you, but you resist.
Something hits you.
You die...

........# #.........# #.....
#######.# #.#######.# #.####
######'#### #.#..# #.###.#...
#.........# #.#..# #.#<#.#.##
#.........# #.#..# #.#.#.#.#.
#.........# #.#..####.#.#.#.#.
#.........# #.#.....#.#.......
#.........# #{##.##.#.###.####
#.........#####@{...............
##.............{.###.#.......###.
...............#.###.#.###..## #.
#####................#.# ##.# ##
#...............#####.# #.##
#.##............# #.# #..# ##
#..+............#####.# ##.###.
#..#..................#####..##.
#..#..........#.#............##.


There were no monsters in sight!

Vanquished Creatures
  4 gnolls
  An adder (D:2)
  A worm (D:2)
  3 dart slugs
  An orc (D:2)
  A bat (D:2)
  5 endoplasms
  A giant cockroach (D:2)
  5 hobgoblins
  4 kobolds
  3 quokkas (D:2)
  4 ball pythons
  4 frilled lizards
  A goblin (D:2)
  4 rats
42 creatures vanquished.

Vanquished Creatures (others)
  A fungus (D:1)
1 creature vanquished.

Grand Total: 43 creatures vanquished

Notes
Turn   | Place    | Note
-------+----------+-------------------------------------------
     0 | D:1      | Cykl0x the Gargoyle Fighter began the quest for the Orb.
     0 | D:1      | Reached XP level 1. HP: 14/14 MP: 1/1
   209 | D:1      | Found Beh Yma's Weapon Shoppe.
   310 | D:1      | Reached XP level 2. HP: 17/19 MP: 2/2
   661 | D:1      | Found a faded altar of an unknown god.
   670 | D:1      | Got Plato's Reference Book on Translocation
  1433 | D:2      | Reached XP level 3. HP: 20/24 MP: 3/3
  1837 | D:1      | Reached skill level 1 in Throwing
  1848 | D:2      | Reached skill level 1 in Dodging
  1848 | D:2      | Reached XP level 4. HP: 29/29 MP: 4/4
  2473 | D:2      | Found a snail-covered altar of Cheibriados.
  2884 | D:2      | Slain by an orc wizard

Illustrated notes

Levels and vault maps discovered:
D:1:      minmay_arrival_diagonal_passages, layout_basic, serial_shops,
          shop_statue, shapermc_ecumenical_altar_rom_forum
D:2:      layout_basic, basic_altar
D:3:      layout_basic, mainiacjoe_overflow_boulevard, uniq_natasha

Skill      XL: |  1  2  3 |
---------------+----------+-----
Long Blades    | 2 |  2.4
Throwing       | 1 |  1.3
Dodging        | 1 |  1.1
Fighting       | |  3.9
Armour         | |  3.7
Shields        | |  3.6

Action                   |  1- 3 |  4- 6 || total
-------------------------+-------+-------++-------
Melee: Long sword        |    88 |    77 ||   165
Throw: Throwing net      |     1 |       ||     1
       Stone             |     5 |    24 ||    29
  Use: Scroll            |     2 |       ||     2
Armor: Scale mail        |    32 |    58 ||    90
Dodge: Dodged            |    27 |    20 ||    47
Block: Kite shield       |    36 |    42 ||    78
       Rpst.: Long sword |     4 |     6 ||    10
